 Dungeon Crawl Stone Soup version 0.23-a0-484-g29ba69c (webtiles) character file.

4 theanonym the Caller (level 1, -1/13 HPs)
             Began as a Mummy Summoner on Nov 30, 2018.
             Slain by a hobgoblin (3 damage)
             ... on level 1 of the Dungeon.
             The game lasted 00:00:21 (221 turns).

theanonym the Caller (Mummy Summoner)                Turns: 221, Time: 00:00:22

Health: -1/13      AC:  2    Str: 11    XL:     1   Next: 50%
Magic:  0/4        EV: 12    Int: 14    God:
Gold:   24         SH:  0    Dex: 12    Spells: 4/5 levels left

rFire    x . .     SeeInvis .   (no weapon)
rCold    + . .     Gourm    .   (no shield)
rNeg     + + +     Faith    .   a - +0 robe
rPois    ∞         Spirit   .   (no helmet)
rElec    .         Reflect  .   (no cloak)
rCorr    .         Harm     .   (no gloves)
MR       .....                  (no boots)
Stlth    ++........             (no amulet)
HPRegen  0.04/turn              (no ring)
MPRegen  0.09/turn              (no ring)

@: no status effects
A: no food or potions, fire vulnerability, cold resistance 1, negative energy
resistance 3, torment resistance, unbreathing
a: no special abilities


Innate Abilities, Weirdness & Mutations

You do not eat or drink.
Your flesh is vulnerable to fire.
You are immune to poison.
Your flesh is cold resistant. (rC+)
You are immune to negative energy. (rN+++)
You are immune to unholy pain and torment.
You can survive without breathing.


   Skills:
 - Level 1.5 Dodging
 - Level 1.5 Stealth
 + Level 2.9 Spellcasting
 + Level 3.3 Summonings


You had 4 spell levels left.
You knew the following spells:

 Your Spells              Type           Power        Failure   Level  Hunger
a - Summon Small Mammal   Summ           ##..         5%          1    N/A

Your spell library contained the following spells:

 Spells                   Type           Power        Failure   Level  Hunger
 Call Imp                 Summ           ##......     9%          2    N/A
 Call Canine Familiar     Summ           ##......     16%         3    N/A
 Summon Guardian Golem    Hex/Summ       #.......     32%         3    N/A
 Summon Ice Beast         Ice/Summ       #.......     71%         4    N/A
 Summon Lightning Spire   Summ/Air       #.......     71%         4    N/A

Action                   || total
-------------------------++-------
Melee: Unarmed           ||    10
 Cast: Summon Small Mamm ||     5
 Stab: Sleeping          ||     1
Armor: Robe              ||     7
Dodge: Dodged            ||     9

Inventory:

Armour
 a - a +0 robe (worn)
Scrolls
 b - a scroll of identify {unknown}


You were on level 1 of the Dungeon.
You were not hungry.

You visited 1 branch of the dungeon, and saw 1 of its levels.

You collected 24 gold pieces.

Dungeon Overview and Level Annotations

Branches:
Dungeon (1/15)

Altars:

.# #.# .# #.# .#
#############.########.#
......................>#
####...................#
#.#####.............# #.#
#.............# #.#
#......@g.b...# ####.#
#......rb.....#
..##.#####........g....#####
..##...............b.......#
....................†...####
..##..............##..(.#
..##....................#
..##.#######....#.##.#.##
..##.# .......#.##.#.#


You could see 2 hobgoblins, a friendly quokka and 3 friendly bats.

Notes
Turn   | Place    | Note
-------+----------+-------------------------------------------
     0 | D:1      | theanonym the Mummy Summoner began the quest for the Orb.
     0 | D:1      | Reached XP level 1. HP: 13/13 MP: 4/4
   213 | D:1      | HP: 6/13 [frilled lizard (2)]
   216 | D:1      | HP: 2/13 [hobgoblin (3)]
   221 | D:1      | Slain by a hobgoblin

Vanquished Creatures
  A leopard gecko (D:1)
  A bat (D:1)
2 creatures vanquished.

Vanquished Creatures (collateral kills)
  A frilled lizard (D:1)
1 creature vanquished.

Grand Total: 3 creatures vanquished

Table legend:
 A = Turns spent in this place as a percentage of turns spent in the entire game.
 B = Non-inter-level travel turns spent in this place as a percentage of non-inter-level travel turns spent in the entire game.
 C = Inter-level travel turns spent in this place as a percentage of turns spent in this place.
 D = Turns resting spent in this place as a percentage of non-inter-level travel turns spent in this place.
 E = Turns spent auto-exploring this place as a percentage of non-inter-level travel turns spent in this place.
 F = Non-inter-level travel turns spent in this place divided by the number of levels of this place that you've seen.
                   A       B       C       D       E      F
               +-------+-------+-------+-------+-------+----------------------
         Total | 100.0 | 100.0 |   0.0 |  57.5 |  22.6 | 221.0
       Dungeon | 100.0 | 100.0 |   0.0 |  57.5 |  22.6 | 221.0
               +-------+-------+-------+-------+-------+----------------------
